 Dungeon Crawl Stone Soup version 0.26-a0-1012-gedcf9b2963 (webtiles) character file.

Game seed: 8947211357074748682

6549 Ijustatesigmund the Cleaver (level 11, -11/80 HPs)
             Began as an Octopode Fighter on Dec 7, 2020.
             Was a Follower of Cheibriados.
             Mangled by a queen ant (19 damage)
             ... in a Gauntlet.
             The game lasted 00:19:40 (12100 turns).

Ijustatesigmund the Cleaver (Octopode Fighter)     Turns: 12100, Time: 00:19:41

Health: -11/80     AC:  1    Str: 17    XL:     11   Next: 1%
Magic:  13/13      EV: 22    Int: 14    God:    Cheibriados [*.....]
Gold:   609        SH: 13    Dex: 22    Spells: 10/10 levels left

rFire    . . .     SeeInvis .   a - +4 war axe
rCold    . . .     Faith    .   b - +2 kite shield
rNeg     . . .     Spirit   .   (helmet restricted)
rPois    .         Reflect  .   (no amulet)
rElec    .         Harm     .   k - ring of stealth
rCorr    .         Rampage  .   j - ring of wizardry
Will     .....     NoTele   +   r - +6 ring of dexterity
Stlth    ++++......             x - +4 ring of evasion
HPRegen  0.23/turn              (no ring)
MPRegen  0.13/turn              (no ring)
                                (no ring)
                                (no ring)

@: very slow
A: almost no armour, stealthy swim, amphibious, 8 rings, constrict 8, camouflage
1, gelatinous body 1
a: Bend Time, Renounce Religion


You were in a Gauntlet.
You worshipped Cheibriados.
Cheibriados was aware of your devotion.
You visited 1 branch of the dungeon, and saw 11 of its levels.
You also visited: Gauntlet.

You collected 609 gold pieces.

Inventory:

Hand Weapons
 a - a +4 war axe (weapon)
 m - a +1 flail of protection
Missiles
 d - 26 poisoned darts (quivered)
Armour
 b - a +2 kite shield (worn)
Jewellery
 j - a ring of wizardry (right tentacle)
 k - a ring of stealth (left tentacle)
 q - an uncursed ring of ice
 r - a +6 ring of dexterity (on tentacle)
 x - a +4 ring of evasion (on tentacle)
Wands
 c - a wand of disintegration (13)
 h - a wand of enslavement (15)
 s - a wand of flame (23)
 y - a wand of paralysis (8)
Scrolls
 g - 5 scrolls of identify
 l - 6 scrolls of remove curse
 z - 2 scrolls of teleportation
Potions
 e - 3 potions of flight
 f - a potion of attraction
 i - a potion of lignification
 n - 3 potions of curing
 o - 4 potions of brilliance
 t - a potion of invisibility
 u - 2 potions of ambrosia
 v - a potion of haste


   Skills:
 + Level 9.5 Fighting
 + Level 10.0 Axes
 - Level 7.0 Dodging
 - Level 7.0 Shields
 + Level 3.6 Invocations


You had 10 spell levels left.
You didn't know any spells.
Your spell library contained the following spells:

 Spells                   Type           Power        Failure   Level
 Sting                    Tmut/Pois      #...         32%         1
 Poisonous Vapours        Pois/Air       #.....       43%         2
 Ignite Poison            Fire/Tmut/Pois #.......     65%         3
 Mephitic Cloud           Conj/Pois/Air  #.......     65%         3
 Olgreb's Toxic Radiance  Pois           #.......     95%         4


Dungeon Overview and Level Annotations

Branches:
Dungeon (11/15)            Temple (0/1) D:5            Lair (0/6) D:8
Gauntlet (1/1)
    Orc: D:9-12

Altars:
Cheibriados
Dithmenos
Nemelex Xobeh
Qazlal
Trog
Uskayaw
Vehumet
Xom
Yredelemnul
Zin
The Shining One

Annotations:
D:3 2 transporters Gauntlet 3 transporters


Innate Abilities, Weirdness & Mutations

You cannot wear most types of armour.
You are very stealthy in the water. (Stealth+)
You are amphibious.
You can wear up to eight rings at the same time.
You can use your tentacles to constrict eight enemies at once.
Your skin changes colour to match your surroundings (Stealth+).
Your rubbery body absorbs attacks. (AC +1, EV +1)


Message History

You slash the queen ant!
The queen ant is heavily wounded.
The queen ant closely misses you.
The jelly quivers.
You hit the queen ant but do no damage. You squeeze the queen ant.
The queen ant is heavily wounded.
The queen ant stings you!
* * * LOW HITPOINT WARNING * * *
You hit the queen ant but do no damage. You squeeze the queen ant.
The queen ant is heavily wounded.
The queen ant misses you.
You slash the queen ant!
The queen ant is severely wounded.
The queen ant stings you!!
* * * LOW HITPOINT WARNING * * *
You are lethally poisoned!
The queen ant poisons you! The queen ant stings you.
* * * LOW HITPOINT WARNING * * *
You feel better. The queen ant stings you!!
You die...

##### ### ### ### #≈∩≈# ### ###
## #8# #8# #8# #...# #8# #8# #8
#################.∩.#############
.................................
..................©..............
.###########.###########.########
.#.....#.JJ#.#..@B(....#.#J.#.#.#
.#..##..#.J#.#...###...#.#J#.#JJ.
.#..#..##..#.#....#†...#.##J#.#.#
##?.##..#..#.#.#..#©†#.#.#J.#.###
©#©.#.©##..#.#.#######.#.###.#.##
.#[.##..#..#.#.#. .#.#.##.#.©##
#..#.#... ..#.#.# #.. #..#.#...
..#.#.# ##.. ..#.### #.#


You could see a queen ant, 2 slime creatures and a jelly.

Vanquished Creatures
  Urug (D:10)
  A centaur skeleton (D:10)
  A komodo dragon (D:8)
  2 trolls (D:9)
  5 yaks (D:7)
  4 soldier ants (Gauntlet)
  3 orc warriors
  2 sky beasts
  3 ice beasts
  3 phantoms
  3 black bears
  3 ogres
  An eye of draining (D:10)
  2 centaurs
  A big kobold (D:10)
  3 bullfrogs
  A water moccasin zombie (D:10)
  A scorpion (D:7)
  A water moccasin skeleton (D:10)
  2 howler monkeys (D:9)
  8 wights
  A centaur zombie (D:5)
  A bullfrog zombie (D:4)
  3 jellies
  3 hounds
  4 orc priests
  3 orc wizards
  2 bullfrog skeletons
  4 iguanas
  Terence (D:3)
  12 worker ants
  A hound zombie (D:8)
  2 hound skeletons (D:7)
  3 gnolls (D:4)
  13 adders
  A shadow imp (D:9)
  2 white imps
  2 ufetubi (D:5)
  An ooze (D:2)
  2 adder zombies (D:5)
  4 worms
  3 dart slugs
  3 leopard geckos
  25 orcs
  2 giant cockroaches
  5 goblins
  3 hobgoblins
  7 jackals
  4 quokkas
  A ball python (D:1)
  A ball python zombie (D:5)
  9 bats
  2 frilled lizards
  13 kobolds
  A leopard gecko skeleton (D:5)
  A quokka skeleton (D:5)
  8 rats
204 creatures vanquished.

Vanquished Creatures (others)
  An orc (D:5)
  3 demonic plants (Gauntlet)
  6 plants (D:8)
  17 withered plants (Gauntlet)
27 creatures vanquished.

Grand Total: 231 creatures vanquished

Notes
Turn   | Place    | Note
-------+----------+-------------------------------------------
     0 | D:1      | Ijustatesigmund the Octopode Fighter began the quest for
                  | the Orb.
     0 | D:1      | Reached XP level 1. HP: 16/16 MP: 1/1
   244 | D:1      | Reached XP level 2. HP: 21/21 MP: 2/2
   289 | D:1      | Reached skill level 3 in Axes
   813 | D:2      | Reached XP level 3. HP: 9/26 MP: 3/3
  1220 | D:2      | Found a stormy altar of Qazlal.
  1244 | D:2      | Reached skill level 4 in Axes
  1305 | D:2      | Found a shimmering altar of Xom.
  1308 | D:2      | Found a hide-covered altar of Uskayaw.
  1311 | D:2      | Found a shadowy altar of Dithmenos.
  1325 | D:2      | Found a sparkling altar of Nemelex Xobeh.
  1551 | D:2      | Found a bloodstained altar of Trog.
  1662 | D:3      | Reached XP level 4. HP: 31/31 MP: 4/4
  2191 | D:2      | Reached XP level 5. HP: 24/36 MP: 5/5
  2872 | D:3      | Found a transporter.
  2873 | D:3      | Noticed an ice beast
  2874 | D:3      | Found a transporter.
  2874 | D:3      | Found a glowing silver altar of Zin.
  2875 | D:3      | Noticed a sky beast
  3006 | D:3      | Noticed Terence
  3014 | D:3      | Killed Terence
  3015 | D:3      | Reached skill level 5 in Axes
  3550 | D:4      | Reached XP level 6. HP: 43/43 MP: 6/6
  3671 | D:4      | Noticed a phantom
  3688 | D:4      | Killed a phantom
  4102 | D:4      | Reached skill level 5 in Fighting
  4232 | D:4      | Reached skill level 6 in Axes
  4232 | D:4      | Reached XP level 7. HP: 36/50 MP: 7/7
  4602 | D:4      | Found a radiant altar of Vehumet.
  4603 | D:4      | Found a snail-covered altar of Cheibriados.
  4719 | D:5      | Entered Level 5 of the Dungeon
  5534 | D:5      | Found a staircase to the Ecumenical Temple.
  5590 | D:5      | Found a basalt altar of Yredelemnul.
  5863 | D:6      | Reached XP level 8. HP: 41/57 MP: 8/8
  6036 | D:6      | Reached skill level 7 in Axes
  6909 | D:7      | Noticed a yak
  6909 | D:7      | Noticed a yak
  6910 | D:7      | Noticed a yak
  6910 | D:7      | Noticed a yak
  6912 | D:7      | Noticed a yak
  6933 | D:7      | Killed a yak
  6939 | D:7      | Killed a yak
  6949 | D:7      | Killed a yak
  6957 | D:7      | Killed a yak
  6958 | D:7      | Reached XP level 9. HP: 21/64 MP: 9/9
  6964 | D:7      | Reached skill level 5 in Dodging
  6964 | D:7      | Reached skill level 5 in Shields
  7193 | D:7      | Reached skill level 8 in Axes
  7228 | D:7      | You fall into a shaft and drop 3 floors!
  7228 | D:10     | Entered Level 10 of the Dungeon
  7472 | D:8      | Found a staircase to the Lair.
  7473 | D:8      | Noticed a komodo dragon
  7842 | D:7      | Found a glowing golden altar of the Shining One.
  8086 | D:7      | Found a glowing golden altar of the Shining One.
  8738 | D:8      | HP: 1/66 [komodo dragon (27)]
  8749 | D:8      | Killed a komodo dragon
  8750 | D:8      | Reached XP level 10. HP: 11/72 MP: 10/10
  9639 | D:9      | Reached skill level 9 in Axes
 10228 | D:10     | Noticed Urug
 10241 | D:10     | Killed Urug
 10365 | D:4      | Became a worshipper of Cheibriados the Contemplative
 10537 | D:9      | Reached skill level 1 in Invocations
 11900 | D:11     | Reached * piety under Cheibriados
 11921 | D:11     | Found a gate leading to a gauntlet.
 11930 | Gauntlet | Entered a Gauntlet
 11930 | Gauntlet | Found a transporter.
 11943 | Gauntlet | Found a transporter.
 11954 | Gauntlet | Found a transporter.
 11997 | Gauntlet | Noticed a queen ant
 12000 | Gauntlet | Found a transporter.
 12032 | Gauntlet | Reached skill level 10 in Axes
 12048 | Gauntlet | Reached XP level 11. HP: 46/80 MP: 13/13
 12099 | Gauntlet | HP: 1/80 [queen ant (6)]
 12100 | Gauntlet | Mangled by a queen ant

Illustrated notes

Levels and vault maps discovered:
D:1:      erik_arrival_blinker_ship, layout_basic
D:2:      layout_basic, marbit_many_paths, grunt_qazlal_sundering,
          grunt_temple_overflow_cloverleaf
D:3:      layout_rooms, gammafunk_temple_overflow_arena, uniq_terence
D:4:      layout_loops_corners, gammafunk_temple_overflow_statue, minivault_27
D:5:      layout_rooms, old_standard_altar, temple_green, lemuel_flamethrower_1
D:6:      layout_gridville
D:7:      layout_basic, nicolae_tso_swordbearing_angel, minmay_misc_feat_square,
          kennysheep_small_circle
D:8:      layout_rooms, david_lair_shrubbed
D:9:      layout_irregular_city
D:10:     layout_loops_corners, uniq_urug
D:11:     layout_basic, david_orc_2, gauntlet_entry_generic, enter_trove_2,
          kennysheep_another_room, nicolae_ru_path_of_blood
Gauntlet: gammafunk_gauntlet_one_two_three [nicolae_gauntlet_arena_t_cross,
          gammafunk_gauntlet_arena_teeth, gammafunk_gauntlet_arena_mazey,
          nicolae_gauntlet_arena_grate_2, gammafunk_gauntlet_arena_chambers,
          nicolae_gauntlet_arena_blocks, gammafunk_gauntlet_arena_hedges,
          gammafunk_gauntlet_arena_open, gammafunk_gauntlet_arena_split_x,
          gauntlet_exit_hidden_loot]

Skill      XL: |  1  2  3  4  5  6  7  8  9 10 |
---------------+-------------------------------+-----
Axes           | 3 4 5 6 7 8 10 | 10.0
Fighting       | 4 5 6 7 8 9 |  9.5
Dodging        | 4 6 7 |  7.0
Shields        | 4 6 7 |  7.0
Invocations    | 3 |  3.6

Action                   |  1- 3 |  4- 6 |  7- 9 | 10-12 || total
-------------------------+-------+-------+-------+-------++-------
Melee: War axe           |    60 |    92 |   224 |   151 ||   527
       Constrict         |    15 |    24 |    51 |    23 ||   113
       Tentacles         |     9 |    15 |    61 |    52 ||   137
Throw: Dart              |       |     6 |    18 |     6 ||    30
Evoke: Wand              |       |       |     1 |     1 ||     2
  Use: Scroll            |     4 |     3 |    12 |     7 ||    26
       Potion            |       |       |     8 |     4 ||    12
 Stab: Sleeping          |     4 |     8 |    16 |     8 ||    36
       Distracted        |     1 |       |       |       ||     1
Armor: Skin              |     3 |     6 |     5 |     2 ||    16
Dodge: Dodged            |    32 |    45 |    83 |    67 ||   227
Block: Kite shield       |    20 |    36 |   101 |    84 ||   241

Table legend: (Time is in decaauts)
 A = Elapsed time spent in this place.
 B = Non-inter-level travel time spent in this place.
 C = Inter-level travel time spent in this place.
 D = Time resting spent in this place.
 E = Time spent auto-exploring this place.
 F = Levels seen in this place.
 G = Mean time per level.
                   A        B        C        D        E       F      G
               +--------+--------+--------+--------+--------+-----+--------+
         Total |  12598 |  12144 |    454 |   3862 |   6549 |  12 | 1049.8 |
       Dungeon |  12389 |  11935 |    454 |   3825 |   6549 |  11 | 1126.3 |
      Gauntlet |    209 |    209 |      0 |     36 |      0 |   1 |  209.0 |
               +--------+--------+--------+--------+--------+-----+--------+

Top non-repeatable levels by time:
     D:3: 1476 daAuts
     D:9: 1400 daAuts
     D:8: 1347 daAuts
     D:2: 1309 daAuts
     D:7: 1280 daAuts
     D:4: 1270 daAuts
    D:10: 1245 daAuts
     D:5: 1133 daAuts
     D:6: 1079 daAuts
     D:1: 799 daAuts
Gauntlet: 209 daAuts
    D:11: 46 daAuts
